 Dungeon Crawl Stone Soup version 0.32-a0-791-gfc315c9ecd (webtiles) character file.

Game seed: 17212468150848119806

3682 wilfster70 the Cleaver (level 9, -4/90 HPs)
             Began as a Minotaur Berserker on Mar 20, 2024.
             Was an Elder of Trog.
             Slain by a steam dragon (5 damage)
             ... on level 8 of the Dungeon.
             The game lasted 00:13:08 (6233 turns).

wilfster70 the Cleaver (Minotaur Berserker)         Turns: 6233, Time: 00:13:08

Health: -4/90      AC: 11    Str: 25    XL:     9   Next: 90%
Magic:  17/17      EV:  6    Int:  4    God:    Trog [****..]
Gold:   332        SH:  0    Dex: 11    Spells: 8/8 levels left

rFire   . . .        a - +0 war axe
rCold   + . .        (no shield)
rNeg    + . .        t - +0 plate armour
rPois   +            (helmet restricted)
rElec   .            (no cloak)
rCorr   .            (no gloves)
SInv    +            (no boots)
Will    .....        l - amulet "Sucos" {rC+ rN+ Regen+ MP+9 Slay+2} Stlth
                     k - ring of see invisible
HPRegen 1.15/turn    u - ring of poison resistance
MPRegen 0.15/turn

%: no passive effects
@: no status effects
A: horns 2, retaliatory headbutt
a: Renounce Religion, Berserk, Trog's Hand, Brothers in Arms


You were on level 8 of the Dungeon.
You worshipped Trog.
Trog was greatly pleased with you.
You visited 1 branch of the dungeon, and saw 8 of its levels.

You collected 332 gold pieces.

Inventory:

Hand Weapons
 a - a +0 war axe (weapon)
 b - a +0 trident
Armour
 h - a +1 chain mail
 t - a +0 plate armour (worn)
Jewellery
 k - a ring of see invisible (left hand)
 l - the amulet "Sucos" (around neck) {rC+ rN+ Regen+ MP+9 Slay+2}
   (You found it on level 3 of the Dungeon)

   [amulet of regeneration]

   Slay+2:    It affects your accuracy & damage with ranged weapons and melee
   (+2).
   rC+:       It protects you from cold.
   rN+:       It protects you from negative energy.
   MP+9:      It affects your magic capacity (+9).
   Regen+:    It increases your rate of health regeneration.
 o - a ring of willpower
 p - an amulet of magic regeneration
 q - a ring of resist corrosion
 u - a ring of poison resistance (right hand)
Wands
 v - a wand of charming (7)
 w - a wand of digging (7)
Scrolls
 c - 6 scrolls of teleportation
 d - a scroll of fear
 r - 3 scrolls of identify
 y - a scroll of blinking
 z - a scroll of fog
Potions
 e - a potion of invisibility {unknown}
 f - a potion of attraction {unknown}
 g - 2 potions of brilliance {unknown}
 i - 2 potions of mutation
 j - 11 potions of curing
 m - 2 potions of magic
 n - a potion of berserk rage
 s - a potion of might
 x - a potion of resistance


   Skills:
 - Level 12.0 Fighting
 + Level 12.9 Axes
 - Level 2.4 Armour
 - Level 2.1 Dodging


You had 8 spell levels left.
You didn't know any spells.
Your spell library was empty.

Dungeon Overview and Level Annotations

Branches:
Dungeon (8/15)             Temple (0/1) D:6
   Lair: D:8-11

Altars:
Ashenzari
Cheibriados
Fedhas
Hepliaklqana
Kikubaaqudgha
Uskayaw
Vehumet


Innate Abilities, Weirdness & Mutations

You have a pair of horns on your head.
You reflexively headbutt those who attack you in melee.


Message History

You kill the acid dragon!
Trog accepts your kill. The howler monkey barely misses you.
The steam dragon breathes steam at you. The ball of steam hits you!
You hit the howler monkey. Your headbutt misses the howler monkey.
The howler monkey is moderately wounded.
You are engulfed in a cloud of scalding steam.
The howler monkey barely misses you.
The howler monkey attacks as it pursues you!
The howler monkey hits you.
You closely miss the howler monkey. You headbutt the howler monkey!
You kill the howler monkey!
Trog accepts your kill. The steam dragon breathes steam at you.
The ball of steam hits you!
You are engulfed in a cloud of scalding steam.
The steam dragon bites you. The steam dragon claws you.
* * * LOW HITPOINT WARNING * * *
The steam dragon bites you!
* * * LOW HITPOINT WARNING * * *
The steam dragon claws you.
* * * LOW HITPOINT WARNING * * *
The steam dragon completely misses you. The steam dragon claws you.
* * * LOW HITPOINT WARNING * * *
You closely miss the steam dragon. The steam dragon completely misses you.
The steam dragon barely misses you.
You hit the steam dragon but do no damage.
You slash the steam dragon!
The steam dragon is moderately wounded.
The steam dragon breathes steam at you. The ball of steam hits you!!
* * * LOW HITPOINT WARNING * * *
A wight comes into view. It is wielding a +0 mace.
The steam dragon barely misses you.
The steam dragon claws you but does no damage.
You feel better. The steam dragon bites you!
* * * LOW HITPOINT WARNING * * *
The steam dragon claws you.
You die...

... ##... #... ##.# # ##..
### #. #..####
####.####.#.#.#### ###
.....z.§§§.....#.## ##.#
........§..#......## ##...
........§..#.......# #....
........D@.#......## ##...
...........#.......###....
...........'........#.....
..?........#.......###....
...........#........#...#.
##########.#..............
#.#.......####...
####.#..............
#.##'#..............


You could see a steam dragon (catching breath) and a wight.

Vanquished Creatures
  Prince Ribbit (D:5)
  Grinder (D:5)
  Sigmund (D:4)
  4 yaks (D:7)
  An acid dragon (D:8)
  3 orc warriors
  A black bear (D:7)
  3 ice beasts
  A sky beast (D:7)
  2 ogres
  A centaur (D:5)
  A kobold brigand (D:6)
  A bullfrog (D:7)
  2 scorpions
  5 killer bees (D:8)
  2 howler monkeys (D:8)
  3 bombardier beetles
  6 orc priests
  A gnoll bouda (D:5)
  2 hounds
  2 iguanas (D:6)
  A sleepcap (D:5)
  7 orc wizards
  7 adders
  4 gnolls (D:5)
  2 dart slugs
  3 ribbon worms
  31 orcs
  7 endoplasms
  6 giant cockroaches
  14 goblins
  8 hobgoblins
  8 kobolds
  4 quokkas
  6 ball pythons
  5 bats
  9 frilled lizards
  5 rats
171 creatures vanquished.

Notes
Turn   | Place    | Note
-------+----------+-------------------------------------------
     0 | D:1      | wilfster70 the Minotaur Berserker began the quest for the
                  | Orb.
     0 | D:1      | Reached XP level 1. HP: 19/19 MP: 0/0
    82 | D:1      | Reached XP level 2. HP: 25/27 MP: 1/1
   321 | D:1      | Reached XP level 3. HP: 33/33 MP: 2/2
   333 | D:1      | Reached ** piety under Trog
   760 | D:2      | Reached skill level 5 in Axes
   981 | D:2      | Reached XP level 4. HP: 41/41 MP: 3/3
  1843 | D:2      | Reached skill level 5 in Fighting
  1843 | D:2      | Reached XP level 5. HP: 20/48 MP: 2/4
  2078 | D:3      | Identified the amulet "Sucos" {rC+ rN+ Regen+ MP+9 Slay+2}
  2086 | D:3      | Reached *** piety under Trog
  2917 | D:4      | Noticed an ogre
  2931 | D:4      | Killed an ogre
  2932 | D:4      | Reached XP level 6. HP: 57/57 MP: 5/5
  3382 | D:4      | Found a blossoming altar of Fedhas.
  3389 | D:4      | Noticed Sigmund
  3398 | D:4      | Killed Sigmund
  3399 | D:4      | Reached XP level 7. HP: 64/64 MP: 6/6
  3457 | D:5      | Entered Level 5 of the Dungeon
  3651 | D:5      | Noticed Grinder
  3660 | D:5      | Killed Grinder
  3678 | D:5      | Found a radiant altar of Vehumet.
  3679 | D:5      | Found an ancient bone altar of Kikubaaqudgha.
  3679 | D:5      | Found a hazy altar of Hepliaklqana.
  3685 | D:5      | Found a hide-covered altar of Uskayaw.
  3730 | D:5      | Reached XP level 8. HP: 73/73 MP: 7/7
  3851 | D:5      | Found a snail-covered altar of Cheibriados.
  3858 | D:5      | Noticed Prince Ribbit
  3864 | D:5      | Killed Prince Ribbit
  3865 | D:5      | Reached skill level 10 in Axes
  4282 | D:6      | Found a staircase to the Ecumenical Temple.
  4289 | D:6      | Reached skill level 10 in Fighting
  4997 | D:7      | Reached XP level 9. HP: 36/89 MP: 8/8
  5063 | D:7      | Found a broken altar of Ashenzari.
  5498 | D:7      | Reached **** piety under Trog
  6231 | D:8      | HP: 1/90 [steam dragon/ball of steam (18)]
  6233 | D:8      | Slain by a steam dragon

Illustrated notes

Levels and vault maps discovered:
D:1:      pf_arrival_petrified_forest, layout_loops_ring,
          hangedman_feature_mirror
D:2:      layout_loops_ring
D:3:      layout_basic, minmay_misc_feat_iff
D:4:      layout_cave_pods, fedhas_altar_1, uniq_sigmund
D:5:      layout_gridville, minitemple, mainiacjoe_overflow_six_doors_small,
          minmay_starry_boxes, uniq_prince_ribbit1, uniq_grinder
D:6:      layout_loops_ring, minmay_temple_entry_arrows
D:7:      layout_gridville, cheibrodos_ashenzari_chains
D:8:      layout_basic, nicolae_dithmenos_shadow_blocks,
          nicolae_figureground_sparkle

Skill      XL: |  1  2  3  4  5  6  7  8  9 |
---------------+----------------------------+-----
Axes           | 4 5 6 7 8 9 10 12 | 12.9
Fighting       | 4 5 6 7 11 12 | 12.0
Armour         | |  2.4
Dodging        | |  2.1

Action                     |  1- 3 |  4- 6 |  7- 9 || total
---------------------------+-------+-------+-------++-------
  Melee: Hand axe          |    90 |   102 |    83 ||   275
         Headbutt          |    16 |    12 |    40 ||    68
         War axe           |       |       |   100 ||   100
 Invoke: Berserk           |       |     2 |     9 ||    11
         Trog's Hand       |       |     2 |     3 ||     5
    Use: Scroll            |       |     4 |    11 ||    15
         Potion            |       |       |     1 ||     1
 Armour: Animal skin       |    44 |    41 |       ||    85
         Chain mail        |       |    24 |    73 ||    97
         Plate armour      |       |       |   156 ||   156
  Dodge: Dodged            |    54 |    49 |    85 ||   188

Table legend: (Time is in decaauts)
 A = Elapsed time spent in this place.
 B = Non-inter-level travel time spent in this place.
 C = Inter-level travel time spent in this place.
 D = Time resting spent in this place.
 E = Time spent auto-exploring this place.
 F = Levels seen in this place.
 G = Mean time per level.
                   A        B        C        D        E       F      G
               +--------+--------+--------+--------+--------+-----+--------+
         Total |   6320 |   6139 |    181 |    854 |   3321 |   8 |  790.0 |
       Dungeon |   6320 |   6139 |    181 |    854 |   3321 |   8 |  790.0 |
               +--------+--------+--------+--------+--------+-----+--------+

Top non-repeatable levels by time:
     D:2: 1199 daAuts
     D:7: 1055 daAuts
     D:3: 856 daAuts
     D:5: 746 daAuts
     D:1: 734 daAuts
     D:6: 718 daAuts
     D:4: 693 daAuts
     D:8: 316 daAuts
